 Dungeon Crawl Stone Soup version 0.24.1-5-g77f818bfca (webtiles) character file.

Game seed: 9215065157265300068, levelgen mode: deterministic

4543 Peloso the Carver (level 9, -2/74 HPs)
             Began as a Demigod Fighter on Apr 24, 2020.
             Killed by divine providence
             ... invoked by an orc priest
              (14 damage)
             ... on level 8 of the Dungeon.
             The game lasted 00:22:29 (8458 turns).

Peloso the Carver (Demigod Fighter)                 Turns: 8458, Time: 00:22:29

Health: -2/74      AC: 15    Str: 25    XL:     9   Next: 97%
Magic:  11/11      EV: 11    Int: 16    God:
Gold:   384        SH: 15    Dex: 15    Spells: 8/8 levels left

rFire    . . .     SeeInvis .   a - +0 long sword
rCold    . . .     Gourm    .   c - +1 shield
rNeg     . . .     Faith    .   H - +4 scale mail of Nimemixu {rCorr Int+2}
rPois    .         Spirit   .   (no helmet)
rElec    .         Reflect  +   (no cloak)
rCorr    +         Harm     .   u - +1 pair of gloves
MR       .....                  i - +0 pair of boots
Stlth    ++........             A - +3 amulet of reflection
HPRegen  0.22/turn              K - +2 ring of intelligence
MPRegen  0.12/turn              d - ring of stealth

@: no status effects
A: high mp 1
a: no special abilities


You were on level 8 of the Dungeon.
You were hungry.

You visited 1 branch of the dungeon, and saw 8 of its levels.
You also visited: Sewer and Ossuary.

You collected 384 gold pieces.

Inventory:

Hand Weapons
 a - a +0 long sword (weapon)
 b - a +2 dagger of flaming
Armour
 c - a +1 shield (worn)
 i - a +0 pair of boots (worn)
 u - a +1 pair of gloves (worn)
 w - a +0 chain mail of magic resistance
 H - the +4 scale mail of Nimemixu (worn) {rCorr Int+2}
   (You found it on level 5 of the Dungeon)

   It affects your intelligence (+2).
   It provides partial protection from all sources of acid and corrosion.
Jewellery
 d - a ring of stealth (right hand)
 q - an uncursed ring of ice
 A - a +3 amulet of reflection (around neck)
 F - an uncursed amulet of guardian spirit
 K - a +2 ring of intelligence (left hand)
Wands
 y - a wand of polymorph (12)
 E - a wand of disintegration (12)
 G - a wand of flame (8)
 J - a wand of enslavement (10)
 M - a wand of iceblast (3)
Scrolls
 e - 2 scrolls of enchant armour
 h - a scroll of fear
 k - 4 scrolls of teleportation
 l - 3 scrolls of identify
 n - a scroll of remove curse
 p - 2 scrolls of amnesia
 r - a scroll of noise
 s - a scroll of silence {unknown}
 t - a scroll of magic mapping
 B - 2 scrolls of enchant weapon {unknown}
 L - a scroll of fog {unknown}
Potions
 g - 3 potions of invisibility {unknown}
 j - a potion of heal wounds
 m - 4 potions of curing
 o - 2 potions of mutation
 v - a potion of cancellation {unknown}
 x - 2 potions of degeneration
 z - 5 potions of flight
 C - 2 potions of might
 D - 2 potions of agility
 I - 2 potions of brilliance {unknown}
 N - a potion of magic {unknown}
Comestibles
 f - 13 rations


   Skills:
 + Level 5.0 Fighting
 + Level 8.6 Long Blades
 + Level 5.8 Armour
 + Level 3.7 Dodging
 + Level 2.1 Stealth
 + Level 7.5 Shields


You had 8 spell levels left.
You didn't know any spells.
Your spell library contained the following spells:

 Spells                   Type           Power        Failure   Level  Hunger
 Shock                    Conj/Air       #...         82%         1    ##.....
 Swiftness                Chrm/Air       #.......     91%         2    ###....
 Static Discharge         Conj/Air       #.......     99%         3    ####...
 Airstrike                Air            #.........   100%        4    #####..
 Lightning Bolt           Conj/Air       #.........   100%        5    ######.


Dungeon Overview and Level Annotations

Branches:
Dungeon (8/15)             Temple (0/1) D:6           Sewer (visited)
Ossuary (visited)
   Lair: D:8-11

Shops:
D:7 *

Annotations:
D:5 1 runed translucent door, Saltbearer's ghost, novice OpWz


Innate Abilities, Weirdness & Mutations

You have an increased reservoir of magic. (+10% MP)


Message History

You barely miss the orc priest.
The orc priest is severely wounded.
You block the orc priest's attack.
The orc priest hits you but does no damage.
Unknown command.
You hit the orc priest.
The orc priest is almost dead.
You block the orc priest's attack.
The orc priest invokes the aid of Beogh against you.
Beogh smites you!
* * * LOW HITPOINT WARNING * * *
You hit the orc priest but do no damage.
The orc priest is almost dead.
The orc priest closely misses you. You block the orc priest's attack.
You closely miss the orc priest.
The orc priest is almost dead.
The orc priest hits you but does no damage.
The orc priest invokes the aid of Beogh against you.
Beogh smites you!
You die...

## ..# .. .....#
...##.#########.....#
##
.....>..@oo{o.......#
#.
....#.#########.....#
#. . # ... #.....# #.
#.###.### #....)# ..
.......o###.$...# ..
......ooo).?....# ..
..≈≈≈..c###.##.## ..
..≈.....# #.(...# ..
........# ###.#.# ..


You could see 2 orc priests and an orc.

Vanquished Creatures
  A death yak (D:7)
  Pikel (D:4)
  Grinder (D:5)
  Prince Ribbit (D:6)
  Eustachio (D:6)
  Menkaure (Ossuary)
  2 porcupines
  An ice beast (D:7)
  A slave (D:4)
  2 sky beasts (D:7)
  2 ogres
  A centaur (D:5)
  2 big kobolds (Sewer)
  3 bullfrogs
  2 scorpions
  An electric eel (D:8)
  4 howler monkeys
  5 crimson imps
  A centaur skeleton (D:8)
  2 hounds
  8 orc priests
  10 orc wizards
  A bullfrog skeleton (D:5)
  5 iguanas
  A hell rat (D:8)
  6 worker ants
  A howler monkey zombie (D:7)
  3 mummies (Ossuary)
  A worker ant zombie (D:7)
  12 adders
  5 river rats (Sewer)
  2 shadow imps
  3 oozes
  2 adder skeletons (D:8)
  A worm (D:4)
  2 dart slugs
  6 leopard geckos
  29 orcs
  4 bats
  11 giant cockroaches
  5 gnoll zombies (Ossuary)
  5 goblins
  A hobgoblin (D:2)
  13 jackals
  17 kobolds
  8 quokkas
  5 ball pythons
  6 frilled lizards
  2 gnoll skeletons (Ossuary)
  2 goblin skeletons (Ossuary)
  7 goblin zombies (Ossuary)
  2 hobgoblin skeletons (Ossuary)
  A hobgoblin zombie (Ossuary)
  3 kobold skeletons (Ossuary)
  3 kobold zombies (Ossuary)
  A leopard gecko skeleton (D:7)
  6 orc skeletons (Ossuary)
  6 orc zombies (Ossuary)
  27 rats
  5 rat skeletons (Ossuary)
  3 rat zombies (Ossuary)
276 creatures vanquished.

Vanquished Creatures (others)
  A kobold (Sewer)
  A goblin skeleton (Ossuary)
  2 hobgoblin skeletons (Ossuary)
  An orc skeleton (Ossuary)
  A rat skeleton (Ossuary)
6 creatures vanquished.

Grand Total: 282 creatures vanquished

Notes
Turn   | Place    | Note
-------+----------+-------------------------------------------
     0 | D:1      | Peloso the Demigod Fighter began the quest for the Orb.
     0 | D:1      | Reached XP level 1. HP: 18/18 MP: 3/3
     1 | D:1      | Found a runed translucent door.
    21 | D:1      | Reached XP level 2. HP: 17/25 MP: 4/4
    26 | D:1      | Reached skill level 2 in Long Blades
    86 | D:1      | Reached XP level 3. HP: 3/31 MP: 5/5
   591 | D:1      | You fall into a shaft and drop 1 floor!
  1401 | D:3      | Reached XP level 4. HP: 38/38 MP: 6/6
  1871 | D:3      | Found a white marble altar of Elyvilon.
  1941 | D:3      | Reached skill level 3 in Long Blades
  2574 | D:4      | Noticed a slave
  2599 | D:4      | Killed a slave
  2601 | D:4      | Noticed Pikel
  2601 | D:4      | Noticed a slave
  2601 | D:4      | Noticed a slave
  2601 | D:4      | Noticed a slave
  2624 | D:4      | Killed Pikel
  2624 | D:4      | Reached skill level 4 in Long Blades
  2624 | D:4      | Reached skill level 1 in Dodging
  2624 | D:4      | Reached skill level 1 in Stealth
  2624 | D:4      | Reached XP level 5. HP: 12/45 MP: 7/7
  2624 | D:4      | Reached XP level 6. HP: 14/51 MP: 8/8
  2939 | D:4      | Reached XP level 7. HP: 20/57 MP: 9/9
  3651 | D:5      | Entered Level 5 of the Dungeon
  3656 | D:5      | Reached skill level 5 in Long Blades
  3735 | D:5      | Found a glowing drain.
  3746 | Sewer    | Entered a sewer
  4211 | Sewer    | Reached skill level 5 in Shields
  4559 | D:5      | Reached XP level 8. HP: 56/66 MP: 10/10
  4608 | D:5      | Noticed Grinder
  4628 | D:5      | Killed Grinder
  4628 | D:5      | Reached skill level 6 in Long Blades
  4668 | D:5      | Got a brightly glowing scale mail
  4681 | D:5      | Identified the +4 scale mail of Nimemixu {rCorr Int+2} (You
                  | found it on level 5 of the Dungeon)
  4920 | D:5      | Reached skill level 5 in Armour
  5021 | D:5      | Found a runed translucent door.
  5023 | D:5      | Noticed Saltbearer's ghost (novice OpWz)
  5457 | D:6      | Found a staircase to the Ecumenical Temple.
  5580 | D:6      | Noticed Prince Ribbit
  5604 | D:6      | Reached skill level 7 in Long Blades
  5611 | D:6      | Killed Prince Ribbit
  5693 | D:6      | Reached XP level 9. HP: 18/72 MP: 11/11
  5725 | D:6      | Found a sand-covered staircase.
  5731 | Ossuary  | Entered an ossuary
  6278 | Ossuary  | Noticed Menkaure
  6289 | Ossuary  | Killed Menkaure
  6548 | D:6      | Noticed Eustachio
  6599 | D:6      | Killed Eustachio
  7018 | D:7      | Found Eteiwno's Lightly-Used Armoury.
  7308 | D:7      | Reached skill level 8 in Long Blades
  7750 | D:8      | Noticed a death yak
  7787 | D:7      | Killed a death yak
  7958 | D:8      | Noticed a death yak
  7958 | D:8      | Noticed a death yak
  8035 | D:8      | Reached skill level 5 in Fighting
  8458 | D:8      | Killed from afar by an orc priest

Levels and vault maps discovered:
D:1:      dpeg_arrival_caged_fury, layout_rooms
D:2:      layout_basic, nrook_loot_triangle, skrybe_limestone_x,
          minmay_misc_feat_secret_circle, chequers_serial_rivers_small_b
D:3:      layout_basic, lemuel_crystal_altar, first_ration, due_unseen_surprise
D:4:      layout_loops_ring, uniq_pikel
D:5:      layout_basic, portal_sewer_entry_f, ebering_ghost_sewer_d,
          uniq_grinder
D:6:      layout_basic, minmay_temple_entry_poolview,
          nicolae_ossuary_entry_false_entrances, uniq_prince_ribbit1,
          uniq_eustachio
D:7:      layout_cave_pools, small_statue_intersection, grunt_ogre_cave,
          minmay_shop_damaged
D:8:      lemuel_ice_statue, layout_basic, dpeg_lair_monsters,
          roderic_serpentine_path

Skill      XL: |  1  2  3  4  5  6  7  8  9 |
---------------+----------------------------+-----
Long Blades    | 2 4 5 7 8 |  8.6
Fighting       | 3 4 5 |  5.0
Armour         | 3 4 5 |  5.8
Shields        | 3 4 5 6 7 |  7.5
Dodging        | 1 2 3 |  3.7
Stealth        | 1 2 |  2.1

Action                   |  1- 3 |  4- 6 |  7- 9 || total
-------------------------+-------+-------+-------++-------
Melee: Long sword        |   127 |   166 |   810 ||  1103
Evoke: Wand              |       |       |     5 ||     5
  Use: Potion            |     1 |     1 |    10 ||    12
       Scroll            |       |       |    11 ||    11
 Stab: Sleeping          |       |       |     4 ||     4
  Eat: Chunk             |     1 |     5 |    20 ||    26
Armor: Scale mail        |    86 |    29 |   160 ||   275
       Chain mail        |       |    56 |   195 ||   251
Dodge: Dodged            |    53 |    41 |   267 ||   361
Block: Shield            |   100 |   103 |   705 ||   908
       Reflection        |       |       |    11 ||    11
       Rpst.: Long sword |     7 |    12 |    89 ||   108
